 Dungeon Crawl Stone Soup version 0.26-a0-774-g1415c89e12 (webtiles) character file.

Game seed: 3711377418006169150

275 Bliebski the Insei (level 6, -7/41 HPs)
             Began as an Octopode Transmuter on Nov 8, 2020.
             Blown up by Ijyb (25 damage)
             ... with a disintegration bolt
             ... on level 3 of the Dungeon.
             The game lasted 00:04:12 (4125 turns).

Bliebski the Insei (Octopode Transmuter)            Turns: 4125, Time: 00:04:12

Health: -7/41      AC:  1    Str:  9    XL:     6   Next: 25%
Magic:  10/10      EV: 14    Int: 16    God:
Gold:   162        SH:  0    Dex: 14    Spells: 10/11 levels left

rFire    . . .     SeeInvis .   c - +2 whip (vamp)
rCold    . . .     Faith    .   (no shield)
rNeg     . . .     Spirit   .   (helmet restricted)
rPois    .         Reflect  .   (no amulet)
rElec    .         Harm     .   (no ring)
rCorr    .         Rampage  .   (no ring)
MR       .....                  (no ring)
Stlth    ++........             (no ring)
HPRegen  0.13/turn              (no ring)
MPRegen  0.12/turn              (no ring)
                                (no ring)
                                (no ring)

@: no status effects
A: almost no armour, stealthy swim, amphibious, 8 rings, constrict 8, camouflage
1, gelatinous body 1
a: no special abilities


You were on level 3 of the Dungeon.
You visited 1 branch of the dungeon, and saw 3 of its levels.

You collected 162 gold pieces.

Inventory:

Hand Weapons
 c - a +2 vampiric whip (weapon)
Missiles
 a - 126 stones (quivered)
Wands
 f - a wand of acid (5)
 n - a wand of digging (4)
Scrolls
 d - a scroll of amnesia {unknown}
 e - a scroll of teleportation {unknown}
 g - a scroll of enchant weapon {unknown}
 h - a scroll of fear {unknown}
 j - a scroll of identify {unknown}
 k - a scroll of enchant armour {unknown}
 m - a scroll of remove curse {unknown}
Potions
 i - a potion of lignification {unknown}
 l - a potion of haste {unknown}


   Skills:
 + Level 2.7 Fighting
 + Level 3.3 Dodging
 + Level 3.9 Unarmed Combat
 + Level 3.1 Spellcasting
 + Level 3.2 Transmutations


You had 10 spell levels left.
You knew the following spells:

 Your Spells              Type           Power        Failure   Level
a - Beastly Appendage     Tmut           ##....       4%          1

Your spell library contained the following spells:

 Spells                   Type           Power        Failure   Level
 Wereblood                Tmut           ##......     8%          2
 Spider Form              Tmut/Pois      #.........   28%         3
 Ice Form                 Ice/Tmut       #.......     67%         4
 Blade Hands              Tmut           ##........   80%         5


Dungeon Overview and Level Annotations

Branches:
Dungeon (3/15)

Altars:

Annotations:
D:3 Ijyb


Innate Abilities, Weirdness & Mutations

You cannot wear most types of armour.
You are very stealthy in the water. (Stealth+)
You are amphibious.
You can wear up to eight rings at the same time.
You can use your tentacles to constrict eight enemies at once.
Your skin changes colour to match your surroundings (Stealth+).
Your rubbery body absorbs attacks. (AC +1, EV +1)


Message History

You hit the orc priest.
You feel better.
You kill the orc priest!
The orc wizard hits you with a +0 dagger.
The leopard gecko misses you. The orc wizard closely misses you.
The leopard gecko misses you. Ijyb barely misses you.
The orc wizard hits you with a +0 dagger.
There is a stone staircase leading up here.
The orc wizard hits you but does no damage.
The leopard gecko bites you.
Ijyb zaps a wand.
You barely resist.
The orc wizard hits you but does no damage.
You climb upwards.
There is a stone staircase leading down here.
The leopard gecko barely misses you. Ijyb closely misses you.
The orc wizard barely misses you. The leopard gecko closely misses you.
You climb downwards.
There is a stone staircase leading up here.
Ijyb zaps a wand.
You are blasted!
Ouch! That really hurt!
You die...

#+ #. #.
######.##+####
.............#
......).log..#
.........[@(.#
.#####+#.....#
#......#
####...# ...#
...# ...# ....


You could see Ijyb, an orc wizard (fast) and a leopard gecko.

Vanquished Creatures
  An orc wizard (D:2)
  2 orc priests
  Terence (D:2)
  A worker ant (D:2)
  5 adders (D:2)
  2 worms (D:2)
  4 dart slugs
  3 leopard geckos (D:1)
  7 orcs
  8 bats
  3 giant cockroaches
  7 goblins
  7 hobgoblins (D:1)
  9 kobolds
  2 quokkas (D:2)
  3 frilled lizards
  10 rats
75 creatures vanquished.

Notes
Turn   | Place    | Note
-------+----------+-------------------------------------------
     0 | D:1      | Bliebski the Octopode Transmuter began the quest for the
                  | Orb.
     0 | D:1      | Reached XP level 1. HP: 13/13 MP: 3/3
   149 | D:1      | Reached XP level 2. HP: 16/18 MP: 3/5
   739 | D:1      | Reached XP level 3. HP: 15/23 MP: 6/6
  1555 | D:2      | Reached XP level 4. HP: 27/29 MP: 5/7
  1769 | D:2      | Reached XP level 5. HP: 18/34 MP: 6/9
  2283 | D:2      | Noticed Terence
  2296 | D:2      | Killed Terence
  3292 | D:2      | Reached XP level 6. HP: 40/41 MP: 8/10
  4112 | D:3      | Noticed Ijyb
  4125 | D:3      | Blown up by Ijyb

Illustrated notes

Levels and vault maps discovered:
D:1:      roderic_chinese_lattice_arrival, layout_basic, minivault_5,
          minmay_misc_feat_doors, minmay_misc_feat_plants
D:2:      cheibrodos_pilgrimage, layout_basic, grunt_ministairs_12, uniq_terence
D:3:      layout_basic, nicolae_overflow_quartered_altars,
          minmay_misc_feat_encased, uniq_ijyb

Skill      XL: |  1  2  3  4  5 |
---------------+----------------+-----
Fighting       | 2 |  2.7
Dodging        | 3 |  3.3
Transmutations | 3 |  3.2
Spellcasting   | 3 |  3.1
Unarmed Combat | |  3.9

Action                   |  1- 3 |  4- 6 || total
-------------------------+-------+-------++-------
Melee: Unarmed           |    67 |    13 ||    80
       Constrict         |    21 |    26 ||    47
       Tentacles         |    13 |    13 ||    26
       Kick              |     9 |    16 ||    25
       Punch             |     1 |     5 ||     6
       Whip              |       |    81 ||    81
Throw: Stone             |       |     2 ||     2
 Cast: Beastly Appendage |    17 |    21 ||    38
  Use: Potion            |       |     2 ||     2
 Stab: Sleeping          |     7 |     4 ||    11
Armor: Skin              |     5 |     4 ||     9
Dodge: Dodged            |    37 |    77 ||   114

Table legend: (Time is in decaauts)
 A = Elapsed time spent in this place.
 B = Non-inter-level travel time spent in this place.
 C = Inter-level travel time spent in this place.
 D = Time resting spent in this place.
 E = Time spent auto-exploring this place.
 F = Levels seen in this place.
 G = Mean time per level.
                   A        B        C        D        E       F      G
               +--------+--------+--------+--------+--------+-----+--------+
         Total |   4133 |   4051 |     82 |   1163 |   2438 |   3 | 1377.7 |
       Dungeon |   4133 |   4051 |     82 |   1163 |   2438 |   3 | 1377.7 |
               +--------+--------+--------+--------+--------+-----+--------+

Top non-repeatable levels by time:
     D:2: 2380 daAuts
     D:1: 1729 daAuts
     D:3: 24 daAuts
